 Dungeon Crawl Stone Soup version 0.20.1-1-g8b1a95d (webtiles) character file.

331 Internecine the Slasher (level 6, -9/47 HPs)
             Began as a Merfolk Gladiator on Sept 22, 2017.
             Mangled by an orc wizard
             ... wielding a +0 dagger of electrocution
              (17 damage)
             ... on level 3 of the Dungeon.
             The game lasted 00:29:38 (2538 turns).

Internecine the Slasher (Merfolk Gladiator)         Turns: 2538, Time: 00:29:38

Health: -9/47      AC: 11    Str: 16    XL:     6   Next: 52%
Magic:  6/6        EV:  6    Int:  8    God:
Gold:   65         SH:  0    Dex: 15    Spells: 5/5 levels left

rFire    . . .     SeeInvis .   r - +1 dagger (venom)
rCold    . . .     Gourm    .   (no shield)
rNeg     . . .     Faith    .   z - +0 plate armour
rPois    .         Spirit   .   x - +0 helmet
rElec    .         Reflect  .   (no cloak)
rCorr    .         Harm     .   (no gloves)
MR       .....                  (no boots)
Stlth    ..........             (no amulet)
Regen    0.2/turn               o - ring of wizardry
MPRegen  0.1/turn               (no ring)

@: flying
A: change form in water, swift swim, stealthy swim
a: no special abilities


You were on level 3 of the Dungeon.
You were not hungry.

You visited 1 branch of the dungeon, and saw 3 of its levels.

You collected 65 gold pieces.

Inventory:

Hand Weapons
 a - a +0 long sword
 r - a +1 dagger of venom (weapon)
 u - a +0 dagger
 y - a +0 quarterstaff
 B - a +0 dagger
 C - a +0 falchion
 D - a +0 falchion
 E - a +0 flail
 F - a +0 flail
 G - a +0 short sword
 H - a +0 short sword
 K - a +0 trident
 L - a +0 shortbow
 O - a +0 short sword
 Q - a +0 scythe
Missiles
 d - 2 curare-tipped needles
 m - 18 stones (quivered)
 p - 22 arrows
Armour
 b - a +0 leather armour
 c - a +0 helmet
 e - a +0 leather armour
 g - a +0 ring mail
 i - a +0 scale mail
 j - a +0 chain mail
 x - a +0 helmet (worn)
 z - a +0 plate armour (worn)
 I - a +0 ring mail
 J - a +0 scale mail
Jewellery
 o - a ring of wizardry (left hand)
Scrolls
 h - 2 scrolls of magic mapping {unknown}
 t - a scroll of fog {unknown}
 w - a scroll of identify {unknown}
 M - a scroll of teleportation {unknown}
Potions
 k - 3 potions of lignification
 n - a potion of curing
 q - a potion of brilliance {unknown}
 v - a potion of magic
 A - a potion of cancellation
 P - a potion of berserk rage {unknown}
Comestibles
 f - 3 bread rations
 s - 3 fruits


   Skills:
 + Level 3.1 Fighting
 + Level 2.3(4.4) Short Blades
 + Level 5.3(5.5) Long Blades
 + Level 2.4 Throwing
 + Level 1.9 Armour
 + Level 5.0 Dodging


You had 5 spell levels left.
You didn't know any spells.

Dungeon Overview and Level Annotations

Branches:
Dungeon (3/15)

Altars:


Message History

* * * LOW HITPOINT WARNING * * *
You feel better.
You kill the orc!
Something hits you but does no damage.
It was a potion of magic.
Magic courses through your body. Something hits you but does no damage.
It was a potion of cancellation.
Your magical effects are unravelling.
You feel magically purged.
You feel less wooden.
Your +0 helmet unmelds from your body.
Your +0 plate armour unmelds from your body.
You hear some strange, mumbled words.
A magic dart appears from out of thin air!
The magic dart hits you!
It was a potion of flight.
You feel very buoyant.
You fly up into the air.
Something hits you but does no damage.
You are electrocuted!
You die...

.#.#...........#.#
...#........# #.#
...#.....[[.####.##
##.##...............
...................
#(##...............
#(##...............
#{[#...............
##@#...............
#.########........
#..# #........ ##.##
#........ #..#
#.#######
##.######.######
#..##.........#
##.##.........#
#.##.........#


There were no monsters in sight!

Vanquished Creatures
  Sigmund (D:3)
  An orc priest (D:3)
  Natasha (D:3)
  4 adders
  A worm (D:2)
  A dart slug (D:1)
  2 leopard geckos
  11 orcs (D:3)
  A ball python (D:2)
  5 bats
  2 giant cockroaches (D:2)
  6 goblins
  9 hobgoblins
  12 jackals
  8 kobolds
  A quokka (D:2)
  4 frilled lizards
  6 rats
76 creatures vanquished.

Notes
Turn   | Place    | Note
-------+----------+-------------------------------------------
     0 | D:1      | Internecine the Merfolk Gladiator began the quest for the Orb.
     0 | D:1      | Reached XP level 1. HP: 16/16 MP: 1/1
   303 | D:1      | Reached XP level 2. HP: 22/22 MP: 2/2
   706 | D:1      | Reached XP level 3. HP: 28/28 MP: 3/3
  1351 | D:2      | Reached XP level 4. HP: 34/34 MP: 4/4
  1898 | D:3      | Noticed Natasha
  1915 | D:3      | Killed Natasha
  1915 | D:3      | Reached XP level 5. HP: 39/39 MP: 5/5
  1934 | D:3      | Reached skill level 5 in Long Blades
  1939 | D:3      | Reached skill level 1 in Armour
  2037 | D:3      | Reached skill level 1 in Short Blades
  2219 | D:3      | Noticed Sigmund
  2236 | D:3      | Killed Sigmund
  2236 | D:3      | Reached skill level 5 in Dodging
  2236 | D:3      | Reached XP level 6. HP: 28/47 MP: 6/6
  2538 | D:3      | Mangled by an orc wizard

Skill      XL: |  1  2  3  4  5 |
---------------+----------------+-----
Long Blades    | 4 5 |  5.3
Armour         | 1 |  1.9
Short Blades   | 2 |  2.3
Fighting       | 3 |  3.1
Dodging        | 5 |  5.0
Throwing       | |  2.4

Action                   |  1- 3 |  4- 6 || total
-------------------------+-------+-------++-------
Melee: Long sword        |    96 |    61 ||   157
       Dagger            |       |   124 ||   124
Throw: Throwing net      |     4 |       ||     4
       Stone             |     5 |    31 ||    36
  Use: Potion            |       |     6 ||     6
  Eat: Chunk             |     1 |     3 ||     4
       Fruit             |       |     2 ||     2
Armor: Ring mail         |     5 |       ||     5
       Chain mail        |    55 |    40 ||    95
       Plate armour      |       |    64 ||    64
       Skin              |       |     9 ||     9
Dodge: Dodged            |    36 |    70 ||   106
       Rpst.: Long sword |    11 |    13 ||    24
